[Event "CCT Chessable Masters Play-In 2025"]
[Site "Online"]
[Date "2025.02.17"]
[Round "1.58"]
[White "Sonis, Francesco"]
[Black "Indjic, Aleksandar"]
[Result "0-1"]
[ECO "C65"]
[WhiteElo "2570"]
[BlackElo "2650"]
[PlyCount "124"]
[EventDate "2025.02.13"]
[EventType "swiss"]
[EventCountry "NET"]
[TimeControl "600"]
[WhiteClock "0:01:08"]
[BlackClock "0:01:44"]

1. e4 e5 2. Nf3 Nc6 3. Bb5 Bc5 4. c3 Nf6 5. d3 O-O 6. O-O d6 7. Nbd2 Bd7 8. Re1 a6 9. Ba4 Ng4 10. Re2 f5 11. h3 Nh6 12. Nf1 fxe4 13. Rxe4 Nf7 14. Bb3 Bf5 15. Re1 Ba7 16. Ng3 Bg6 17. h4 h6 18. h5 Bh7 19. Be3 Bxe3 20. Rxe3 Kh8 21. d4 exd4 22. Nxd4 Nxd4 23. Qxd4 Ne5 24. Rf1 c5 25. Qd2 Qh4 26. Be6 Rf6 27. f4 Rxe6 28. fxe5 Rxe5 29. Rxe5 dxe5 30. Qe3 Re8 31. Rf7 b6 32. a3 a5 33. Qf2 Qd8 34. Rb7 Rf8 35. Qe1 e4 36. Nxe4 Re8 37. Qg3 Qd1+ 38. Kh2 Qxh5+ 39. Kg1 Bg6 40. Nd6 Re5 41. Nf7+ Bxf7 42. Rxf7 Rg5 43. Rf8+ Kh7 44. Qd3+ Qg6 45. Qxg6+ Rxg6 46. Rb8 Rd6 47. Kf1 Kg6 48. Ke2 Kg5 49. Kf3 h5 50. Kg3 g6 51. b4 cxb4 52. cxb4 axb4 53. axb4 Kf5 54. b5 Ke4 55. Rb7 Kd4 56. Rc7 g5 57. Rc6 Kd5 58. Rc1 Rf6 59. Rh1 Rh6 60. Rc1 Ke5 61. Kf3 Rd6 62. Rc6 Rxc6 0-1

[Event "CCT Chessable Masters Play-In 2025"]
[Site "Online"]
[Date "2025.02.17"]
[Round "1.59"]
[White "Hakobyan, Aram"]
[Black "Vetoshko, Volodymyr"]
[Result "1-0"]
[ECO "D30"]
[WhiteElo "2635"]
[BlackElo "2529"]
[PlyCount "157"]
[EventDate "2025.02.13"]
[EventType "swiss"]
[EventCountry "NET"]
[TimeControl "600"]
[WhiteClock "0:00:51"]
[BlackClock "0:00:02"]

1. d4 d5 2. c4 e6 3. Nf3 a6 4. e3 Nf6 5. Nc3 b6 6. cxd5 exd5 7. Bd3 Bb7 8. Qa4+ Nbd7 9. O-O Bd6 10. Qc2 O-O 11. b3 Qe7 12. Bb2 c5 13. Rad1 Rac8 14. Rfe1 g6 15. Qe2 Ra8 16. e4 cxd4 17. Nxd5 Nxd5 18. exd5 Qxe2 19. Bxe2 Bb4 20. Rf1 Bc3 21. Bxc3 dxc3 22. Rd3 Rfe8 23. Nd4 c2 24. Rd2 Bxd5 25. Nxc2 Nf6 26. Ne3 Be6 27. Rc1 a5 28. Rd6 Rab8 29. Bf3 Red8 30. Rcd1 Rxd6 31. Rxd6 Kf8 32. g3 Ke7 33. Rc6 Bd7 34. Rc7 Kd6 35. Rc1 Be6 36. Rc6+ Kd7 37. h4 Nd5 38. Bxd5 Bxd5 39. Rc3 Be6 40. Kf1 b5 41. Ke2 b4 42. Rd3+ Kc6 43. Kd2 a4 44. Kc2 axb3+ 45. axb3 Kc5 46. Kb2 h5 47. Rd2 Ra8 48. Nc2 Ra7 49. Rd4 Rd7 50. Rxb4 Rd2 51. Rf4 Bf5 52. Rc4+ Kd5 53. f4 Rg2 54. Rc3 Bxc2 55. Rxc2 Rxg3 56. b4 Rg4 57. b5 Rxf4 58. Kb3 Rf1 59. Kb4 Rb1+ 60. Ka5 Ke5 61. b6 Kf5 62. Rc4 f6 63. Rb4 Ra1+ 64. Kb5 Ra8 65. Kc6 g5 66. Kc7 g4 67. Rb5+ Kf4 68. Rxh5 g3 69. Rh7 f5 70. h5 Kf3 71. b7 Rf8 72. Rg7 g2 73. b8=Q Rxb8 74. Kxb8 Kf2 75. h6 f4 76. h7 g1=Q 77. Rxg1 Kxg1 78. h8=Q f3 79. Qg7+ 1-0

[Event "CCT Chessable Masters Play-In 2025"]
[Site "Online"]
[Date "2025.02.17"]
[Round "1.60"]
[White "Pranav Anand"]
[Black "Pranav, V."]
[Result "1/2-1/2"]
[ECO "C55"]
[WhiteElo "2538"]
[BlackElo "2615"]
[PlyCount "138"]
[EventDate "2025.02.13"]
[EventType "swiss"]
[EventCountry "NET"]
[TimeControl "600"]
[WhiteClock "0:01:36"]
[BlackClock "0:01:35"]

1. e4 e5 2. Nf3 d6 3. Bc4 Be7 4. d3 Nf6 5. O-O O-O 6. Re1 Nc6 7. a4 Be6 8. a5 b6 9. a6 Bxc4 10. dxc4 Nb8 11. Qd3 Nbd7 12. Be3 Nc5 13. Bxc5 bxc5 14. Nc3 c6 15. Nd2 Nh5 16. g3 g6 17. Nb3 Qc8 18. Kg2 Rb8 19. Qe2 Rb6 20. Ra4 Rxa6 21. Rea1 Rxa4 22. Rxa4 Qd7 23. Qd1 Qb7 24. Qa1 Ra8 25. Ra6 Bd8 26. Nc1 Ng7 27. Nd3 Ne6 28. Ne2 Bb6 29. b3 Re8 30. Ra2 Ng5 31. f3 Qd7 32. Nf2 f5 33. h4 Ne6 34. Qc1 Rf8 35. Qd1 Qf7 36. exf5 Qxf5 37. Qd3 d5 38. cxd5 cxd5 39. Qxd5 Kg7 40. Qe4 Rd8 41. Nd3 Qxe4 42. fxe4 Nd4 43. Nxd4 Rxd4 44. Nxe5 Rxe4 45. Nc4 Re6 46. Kf3 h5 47. Ra1 Kf6 48. Rd1 Ke7 49. Rd5 Rf6+ 50. Kg2 Re6 51. Re5 Rxe5 52. Nxe5 Kf6 53. Nc4 Kf5 54. Kf3 Bc7 55. Ne3+ Ke6 56. g4 Bd8 57. Ng2 Kd6 58. gxh5 gxh5 59. Ke4 c4 60. Kd4 cxb3 61. cxb3 Bf6+ 62. Ke4 Kc5 63. Kd3 Kb4 64. Kc2 Kc5 65. Kd3 Kb4 66. Kc2 a5 67. Nf4 Bxh4 68. Nxh5 a4 69. bxa4 Kxa4 1/2-1/2

[Event "CCT Chessable Masters Play-In 2025"]
[Site "Online"]
[Date "2025.02.17"]
[Round "1.61"]
[White "Iturrizaga Bonelli, Eduardo"]
[Black "Volokitin, Andrei"]
[Result "0-1"]
[ECO "A11"]
[WhiteElo "2577"]
[BlackElo "2643"]
[PlyCount "110"]
[EventDate "2025.02.13"]
[EventType "swiss"]
[EventCountry "NET"]
[TimeControl "600"]
[BlackClock "0:02:18"]

1. c4 Nf6 2. g3 c6 3. Bg2 d5 4. Qc2 e5 5. Nf3 e4 6. Nd4 dxc4 7. e3 c5 8. Nb5 Nc6 9. O-O a6 10. N5c3 Nb4 11. Qd1 Bg4 12. f3 exf3 13. Bxf3 Bxf3 14. Rxf3 Be7 15. a4 h5 16. h4 Nd3 17. Na3 Ne5 18. Rf4 Qd6 19. Qf1 O-O 20. Nxc4 Nxc4 21. Qxc4 Rad8 22. a5 Ng4 23. Qe4 Qd7 24. Qf5 g6 25. Qxd7 Rxd7 26. Kg2 Ne5 27. d4 Nd3 28. Re4 Bf6 29. Ne2 Rc8 30. Nf4 Nxf4+ 31. Rxf4 Bg7 32. Rf2 cxd4 33. exd4 Bxd4 34. Re2 Rd5 35. Bf4 Rb5 36. Rd1 Rxb2 37. Rxb2 Bxb2 38. Rd7 Bc3 39. Bc7 Re8 40. Bb6 Re5 41. Rxb7 Rb5 42. Ra7 Bxa5 43. Ra8+ Kh7 44. Bd4 g5 45. Rxa6 g4 46. Ra8 Rd5 47. Rh8+ Kg6 48. Be3 Bc7 49. Rh6+ Kg7 50. Rc6 Be5 51. Bh6+ Kh7 52. Be3 Rd3 53. Bf2 Rd2 54. Kg1 Kg7 55. Rc5 f6 0-1

[Event "CCT Chessable Masters Play-In 2025"]
[Site "Online"]
[Date "2025.02.17"]
[Round "1.62"]
[White "Kourkoulos-Arditis, Stamatis"]
[Black "Alekseev, Evgeny"]
[Result "0-1"]
[ECO "A04"]
[WhiteElo "2580"]
[BlackElo "2505"]
[PlyCount "130"]
[EventDate "2025.02.13"]
[EventType "swiss"]
[EventCountry "NET"]
[TimeControl "600"]
[BlackClock "0:00:17"]

1. Nf3 c5 2. b3 Nc6 3. Bb2 d6 4. e3 e5 5. c4 g6 6. d4 exd4 7. exd4 Bg7 8. Qd2 Nf6 9. d5 Ne7 10. Nc3 O-O 11. h3 Nf5 12. Be2 Re8 13. O-O Bd7 14. Rae1 Ne4 15. Nxe4 Rxe4 16. Bd3 Rxe1 17. Rxe1 Nh4 18. Nh2 Bxb2 19. Qxb2 Qg5 20. g3 Bxh3 21. Re4 Nf5 22. Nf3 Qh5 23. Rf4 Re8 24. Qf6 Bg4 25. Nh2 Bh3 26. g4 Qh6 27. Rxf5 Qc1+ 28. Nf1 gxf5 29. Qxf5 Qh6 30. Ne3 Qh4 31. Qf4 Rxe3 32. Qxe3 Qxg4+ 33. Qg3 Qxg3+ 34. fxg3 Kg7 35. Kf2 Kf6 36. Bxh7 Ke5 37. Ke3 Bd7 38. Bd3 a6 39. Be2 b5 40. Bd3 b4 41. Be2 Bf5 42. Bh5 f6 43. Bf3 Bb1 44. Kd2 Kd4 45. Bg4 a5 46. Bd7 Ke4 47. Kc1 Bd3 48. Kd2 Kd4 49. Be8 Bb1 50. Kc1 Bf5 51. Kd2 Ke4 52. Ke2 Bg4+ 53. Kf2 Kd4 54. Ke1 Kc3 55. Bg6 Kb2 56. Kd2 Bd7 57. Bc2 Kxa2 58. Kc1 Ka3 59. Kb1 a4 60. bxa4 Bxa4 61. Bd3 Kb3 62. Bc2+ Ka3 63. Bd3 b3 64. Be2 b2 65. g4 Bb3 0-1

[Event "CCT Chessable Masters Play-In 2025"]
[Site "Online"]
[Date "2025.02.17"]
[Round "1.63"]
[White "Shimanov, Aleksandr"]
[Black "Matinian, Nikita"]
[Result "0-1"]
[ECO "A49"]
[WhiteElo "2593"]
[BlackElo "2415"]
[PlyCount "152"]
[EventDate "2025.02.13"]
[EventType "swiss"]
[EventCountry "NET"]
[TimeControl "600"]
[BlackClock "0:00:13"]

1. Nf3 Nf6 2. b3 g6 3. Bb2 Bg7 4. g3 d6 5. d4 b5 6. Na3 b4 7. Nc4 a5 8. a3 Bb7 9. Bg2 O-O 10. O-O Nbd7 11. axb4 axb4 12. Qd2 c5 13. dxc5 dxc5 14. Rad1 Qc7 15. Nfe5 Bxg2 16. Kxg2 Nxe5 17. Bxe5 Qc6+ 18. f3 h5 19. h3 Ne4 20. Qe3 Nc3 21. Bxc3 Bxc3 22. g4 hxg4 23. hxg4 Ra2 24. Rc1 Bd4 25. Qh6 Qe6 26. e4 Rd8 27. Rfd1 Qf6 28. Rd2 e5 29. Rh1 Qg7 30. Qh4 f6 31. Kg3 Kf7 32. Qh7 Qxh7 33. Rxh7+ Ke6 34. Rh1 Rd7 35. Rh6 Be3 36. Rxd7 Bxh6 37. Rc7 Rxc2 38. f4 Bxf4+ 39. Kf3 Rc3+ 40. Ke2 Rxb3 41. Rc6+ Ke7 42. Rxc5 Rc3 43. Rc7+ Kd8 44. Rc6 b3 45. Rb6 Rxc4 46. Rxb3 Rxe4+ 47. Kf2 Rd4 48. Rb6 Ke7 49. Rb7+ Rd7 50. Rb6 Rd6 51. Rb7+ Ke6 52. Rg7 g5 53. Kf3 Rd3+ 54. Ke2 Re3+ 55. Kf2 e4 56. Rg8 Rf3+ 57. Ke2 Rg3 58. Re8+ Kd5 59. Rd8+ Bd6 60. Re8 Rxg4 61. Ke3 Rf4 62. Ra8 Rf3+ 63. Ke2 g4 64. Ra5+ Bc5 65. Ra8 g3 66. Rg8 g2 67. Rxg2 Rf2+ 68. Rxf2 Bxf2 69. Kxf2 Kd4 70. Kg3 f5 71. Kf4 e3 72. Kf3 Kd3 73. Kf4 e2 74. Kxf5 e1=Q 75. Kf4 Qe4+ 76. Kg5 Qf3 0-1

[Event "CCT Chessable Masters Play-In 2025"]
[Site "Online"]
[Date "2025.02.17"]
[Round "1.64"]
[White "Nigmatov, Ortik"]
[Black "Antipov, Mikhail Al."]
[Result "0-1"]
[ECO "B36"]
[WhiteElo "2505"]
[BlackElo "2571"]
[PlyCount "70"]
[EventDate "2025.02.13"]
[EventType "swiss"]
[EventCountry "NET"]
[TimeControl "600"]
[WhiteClock "0:04:17"]
[BlackClock "0:07:43"]

1. e4 c5 2. Nf3 Nc6 3. d4 cxd4 4. Nxd4 g6 5. c4 Nf6 6. Nc3 d6 7. Be2 Nxd4 8. Qxd4 Bg7 9. Be3 O-O 10. Qd2 a5 11. O-O a4 12. Rfc1 Qa5 13. Rab1 Be6 14. f3 Rfc8 15. b4 axb3 16. axb3 Qb4 17. Na4 Qxd2 18. Bxd2 Nd7 19. Be3 f5 20. Bd3 Ne5 21. Bc2 Rc6 22. Kf2 Rac8 23. Nb6 f4 24. Nxc8 fxe3+ 25. Kxe3 Rxc8 26. h3 Nc6 27. Bd3 Bd4+ 28. Ke2 Nb4 29. Rd1 Ra8 30. Rbc1 Ra3 31. Rb1 g5 32. Kf1 Ra2 33. Be2 Nc2 34. Rd2 Ne3+ 35. Ke1 Bc3 0-1

[Event "CCT Chessable Masters Play-In 2025"]
[Site "Online"]
[Date "2025.02.17"]
[Round "1.65"]
[White "Alekseenko, Kirill"]
[Black "Vaishali, Rameshbabu"]
[Result "0-1"]
[ECO "B92"]
[WhiteElo "2661"]
[BlackElo "2476"]
[PlyCount "52"]
[EventDate "2025.02.13"]
[EventType "swiss"]
[EventCountry "NET"]
[TimeControl "600"]
[WhiteClock "0:02:58"]
[BlackClock "0:06:01"]

1. e4 c5 2. Nf3 d6 3. d4 cxd4 4. Nxd4 Nf6 5. Nc3 a6 6. Be2 e5 7. Nb3 Be7 8. O-O O-O 9. Kh1 Nc6 10. Be3 Be6 11. Bf3 a5 12. Nd5 a4 13. Nd2 a3 14. b3 Bxd5 15. exd5 Nb4 16. c4 Nd7 17. Ne4 f5 18. Nc3 Bg5 19. Qd2 f4 20. Nb5 fxe3 21. Qxb4 Nc5 22. fxe3 Bxe3 23. Bg4 Qh4 24. Bh3 Nd3 25. Qxd6 Rxf1+ 26. Rxf1 Nf2+ 0-1

[Event "CCT Chessable Masters Play-In 2025"]
[Site "Online"]
[Date "2025.02.17"]
[Round "1.66"]
[White "Harsha Bharathakoti"]
[Black "Svane, Rasmus"]
[Result "0-1"]
[ECO "E21"]
[WhiteElo "2537"]
[BlackElo "2621"]
[PlyCount "82"]
[EventDate "2025.02.13"]
[EventType "swiss"]
[EventCountry "NET"]
[TimeControl "600"]
[WhiteClock "0:01:09"]
[BlackClock "0:02:20"]

1. d4 Nf6 2. c4 e6 3. Nc3 Bb4 4. Nf3 O-O 5. Bg5 c5 6. Rc1 h6 7. Bh4 cxd4 8. Nxd4 d5 9. cxd5 g5 10. Bg3 Qxd5 11. e3 Qxa2 12. Bd3 Qxb2 13. O-O Bxc3 14. Rc2 Qb4 15. Nb5 Rd8 16. Bh7+ Kxh7 17. Qxd8 Qxb5 18. Rxc3 Nbd7 19. Rxc8 Rxc8 20. Qxc8 a5 21. Qc2+ Kg7 22. Rb1 Qd5 23. Qb2 b6 24. Bc7 a4 25. Bxb6 a3 26. Qa1 a2 27. Rd1 Qb3 28. Rxd7 Qxb6 29. Rd1 Qb3 30. Rd2 Qb1+ 31. Rd1 Qc2 32. Rc1 Qb3 33. Qd4 Kg6 34. Ra1 Nd5 35. Qe4+ Kg7 36. Qd4+ Kg6 37. Qe4+ Kf6 38. Qd4+ e5 39. Qd2 Qb1+ 40. Qc1 Nc3 41. Kf1 Qd3+ 0-1

[Event "CCT Chessable Masters Play-In 2025"]
[Site "Online"]
[Date "2025.02.17"]
[Round "1.67"]
[White "Ter-Sahakyan, Samvel"]
[Black "Zhu, Jiner"]
[Result "1/2-1/2"]
[ECO "D38"]
[WhiteElo "2611"]
[BlackElo "2514"]
[PlyCount "83"]
[EventDate "2025.02.13"]
[EventType "swiss"]
[EventCountry "NET"]
[TimeControl "600"]
[WhiteClock "0:02:08"]
[BlackClock "0:03:31"]

1. d4 Nf6 2. c4 e6 3. Nf3 d5 4. Nc3 Bb4 5. Bg5 h6 6. Bd2 O-O 7. g4 Bxc3 8. Bxc3 Ne4 9. Qc2 b6 10. h4 Bb7 11. g5 h5 12. Rg1 Nd7 13. Nd2 Nxc3 14. bxc3 g6 15. e3 c5 16. f4 cxd4 17. cxd4 Rc8 18. Qb2 dxc4 19. Bxc4 Qe7 20. Kf2 Rc7 21. Rac1 Rfc8 22. Be2 a6 23. Rxc7 Rxc7 24. Rc1 Qd8 25. a4 Qc8 26. Rxc7 Qxc7 27. Bd3 Qc6 28. Be4 Qc7 29. Qc2 Qxc2 30. Bxc2 b5 31. a5 Nb8 32. e4 Nc6 33. Nb3 Kf8 34. Ke3 Ke7 35. Bd1 Bc8 36. Bf3 Nb4 37. Kd2 Kd8 38. Kc3 Na2+ 39. Kb2 Nb4 40. Kc3 Na2+ 41. Kb2 Nb4 42. Kc3 1/2-1/2

[Event "CCT Chessable Masters Play-In 2025"]
[Site "Online"]
[Date "2025.02.17"]
[Round "1.68"]
[White "Kobalia, Mikhail"]
[Black "Suyarov, Mukhammadzokhid"]
[Result "0-1"]
[ECO "C00"]
[WhiteElo "2538"]
[BlackElo "2465"]
[PlyCount "102"]
[EventDate "2025.02.13"]
[EventType "swiss"]
[EventCountry "NET"]
[TimeControl "600"]
[WhiteClock "0:01:38"]
[BlackClock "0:00:49"]

1. e4 e6 2. d3 d5 3. Nd2 c5 4. Ngf3 Nc6 5. g3 Nf6 6. Bg2 Be7 7. O-O O-O 8. Re1 b5 9. e5 Nd7 10. Nf1 a5 11. h4 Qc7 12. Bf4 b4 13. Ne3 Bb7 14. Qd2 Nd4 15. Nxd4 cxd4 16. Ng4 Rfc8 17. Rac1 a4 18. Nf6+ gxf6 19. exf6 Qc5 20. fxe7 Qxe7 21. Bh3 Ra6 22. Qe2 Qf6 23. Bg5 Qg7 24. Qd2 Rb6 25. Be7 Ne5 26. Bg2 Nc6 27. Bd6 Qf6 28. a3 b3 29. c4 dxc3 30. Rxc3 d4 31. Rc5 e5 32. Bxe5 Nxe5 33. Rcxe5 Rc2 34. Qg5+ Qxg5 35. Rxg5+ Kf8 36. Bxb7 Rxb7 37. Rb1 Re7 38. Ra5 Ree2 39. Rf1 Red2 40. Rxa4 Rxd3 41. Rb4 Rxb2 42. Kg2 Ra2 43. a4 b2 44. Rb1 Rd2 45. a5 d3 46. Kf3 Rc2 47. Ke3 d2 48. Ke2 Rc1 49. Kxd2 Rxb1 50. a6 Rba1 51. a7 b1=Q+ 0-1

[Event "CCT Chessable Masters Play-In 2025"]
[Site "Online"]
[Date "2025.02.17"]
[Round "1.69"]
[White "Samadov, Read"]
[Black "Mikaelyan, Arman"]
[Result "0-1"]
[ECO "E94"]
[WhiteElo "2501"]
[BlackElo "2497"]
[PlyCount "210"]
[EventDate "2025.02.13"]
[EventType "swiss"]
[EventCountry "NET"]
[TimeControl "600"]
[WhiteClock "0:00:33"]
[BlackClock "0:00:11"]

1. d4 Nf6 2. c4 g6 3. Nc3 Bg7 4. e4 d6 5. Nf3 O-O 6. Be2 e5 7. O-O Bg4 8. d5 a5 9. Ne1 Bd7 10. Nd3 Na6 11. a3 a4 12. f3 Qe8 13. Be3 Nh5 14. c5 f5 15. Rc1 Nf4 16. cxd6 Nxe2+ 17. Qxe2 cxd6 18. Bf2 Rc8 19. Qe3 Qd8 20. Qa7 Bh6 21. Qxb7 Bxc1 22. Qxa6 Bxb2 23. Nxb2 Rxc3 24. Qxd6 Rb3 25. Nc4 Re8 26. Bh4 Qxh4 27. Qxd7 Qe7 28. Qxa4 Qc5+ 29. Kh1 Reb8 30. Qa6 Qe7 31. exf5 Rb1 32. Nd2 Rxf1+ 33. Nxf1 gxf5 34. h3 e4 35. fxe4 fxe4 36. Qe2 Qe5 37. d6 Qxd6 38. Qxe4 Rf8 39. Ne3 Qg6 40. Qd5+ Kh8 41. Ng4 Qg7 42. a4 Rf1+ 43. Kh2 Qc7+ 44. Qe5+ Qxe5+ 45. Nxe5 Ra1 46. Nf3 Rxa4 47. g4 Kg7 48. Kg3 Kf6 49. h4 h6 50. g5+ hxg5 51. Nxg5 Kf5 52. Nf3 Ra3 53. h5 Rb3 54. Kf2 Kg4 55. Nd2 Rb2 56. Ke3 Kxh5 57. Ne4 Kg4 58. Nf2+ Kf5 59. Nd3 Rb3 60. Kd4 Rb8 61. Kc4 Rd8 62. Nc5 Ke5 63. Nd3+ Ke4 64. Nc5+ Ke3 65. Ne6 Rd6 66. Nc5 Rd8 67. Ne6 Rd7 68. Nc5 Rd6 69. Kc3 Rd4 70. Nb3 Rh4 71. Nc5 Rg4 72. Nb3 Ke4 73. Kc4 Ke5+ 74. Kc3 Kd5 75. Nd2 Rg3+ 76. Kc2 Kd4 77. Nb3+ Kc4 78. Nd2+ Kb4 79. Ne4 Re3 80. Nd2 Rc3+ 81. Kd1 Ra3 82. Ke2 Kc5 83. Nf3 Kd5 84. Nd2 Rc3 85. Nf3 Ke4 86. Nd2+ Kf4 87. Kf2 Re3 88. Nf1 Rf3+ 89. Ke2 Ra3 90. Nd2 Re3+ 91. Kf2 Re8 92. Nf1 Ke4 93. Ke2 Kd4+ 94. Kf3 Rf8+ 95. Ke2 Ke4 96. Nd2+ Kd4 97. Nf3+ Kc3 98. Nd2 Re8+ 99. Kd1 Rd8 100. Ke1 Rxd2 101. Kf1 Kd3 102. Kg1 Ke3 103. Kh1 Kf3 104. Kg1 Rc2 105. Kf1 Rc1# 0-1

[Event "CCT Chessable Masters Play-In 2025"]
[Site "Online"]
[Date "2025.02.17"]
[Round "1.70"]
[White "Sokolovsky, Yahli"]
[Black "Suleymanli, Aydin"]
[Result "1-0"]
[ECO "D30"]
[WhiteElo "2552"]
[BlackElo "2623"]
[PlyCount "77"]
[EventDate "2025.02.13"]
[EventType "swiss"]
[EventCountry "NET"]
[TimeControl "600"]
[WhiteClock "0:03:18"]
[BlackClock "0:03:24"]

1. d4 Nf6 2. Nf3 e6 3. e3 d5 4. c4 a6 5. b3 Be7 6. Bd3 O-O 7. O-O b6 8. cxd5 exd5 9. Ba3 Bb7 10. Bxe7 Qxe7 11. Nc3 Nbd7 12. Rc1 Rfe8 13. Ne2 c5 14. dxc5 bxc5 15. Ng3 g6 16. a3 Qf8 17. b4 c4 18. Bc2 a5 19. Rb1 axb4 20. Rxb4 Bc6 21. Nd4 Rec8 22. Qa1 Qc5 23. Rfb1 Ra7 24. Nge2 Rca8 25. a4 Ra6 26. Nc3 Ra5 27. Qa3 Kg7 28. Qb2 Kg8 29. h3 R8a7 30. Qa3 Kg7 31. Qb2 Kg8 32. Qc1 Ba8 33. Qd1 Kg7 34. Qf3 Ne5 35. Qg3 Nd3 36. Bxd3 cxd3 37. Nf5+ Kf8 38. Rb8+ Ne8 39. Qe5 1-0

[Event "CCT Chessable Masters Play-In 2025"]
[Site "Online"]
[Date "2025.02.17"]
[Round "1.71"]
[White "Bharath Subramaniyam H"]
[Black "Sharapov, Evgeny"]
[Result "0-1"]
[ECO "B50"]
[WhiteElo "2567"]
[BlackElo "2375"]
[PlyCount "72"]
[EventDate "2025.02.13"]
[EventType "swiss"]
[EventCountry "NET"]
[TimeControl "600"]
[WhiteClock "0:05:51"]
[BlackClock "0:04:07"]

1. e4 c5 2. Nf3 d6 3. Nc3 e5 4. Bc4 Be7 5. d3 Nf6 6. h3 O-O 7. O-O Nc6 8. Nh2 Be6 9. Ng4 Nxg4 10. hxg4 Qd7 11. g5 a6 12. Nd5 Qd8 13. Qh5 b5 14. Bb3 Nd4 15. f4 Nxb3 16. axb3 Bxd5 17. exd5 g6 18. Qg4 exf4 19. Bxf4 f5 20. Qg3 Qd7 21. Rae1 Rfe8 22. Re6 Bf8 23. Rfe1 Rad8 24. Kf1 Rxe6 25. dxe6 Qe7 26. Qf3 d5 27. Re5 Qb7 28. c4 bxc4 29. dxc4 Re8 30. Qxd5 Qxd5 31. cxd5 Bd6 32. Rxf5 gxf5 33. Bxd6 Rd8 34. e7 Rc8 35. Bxc5 Kf7 36. d6 Rxc5 0-1

[Event "CCT Chessable Masters Play-In 2025"]
[Site "Online"]
[Date "2025.02.17"]
[Round "1.72"]
[White "Bilguun, Sumiya"]
[Black "Gledura, Benjamin"]
[Result "0-1"]
[ECO "B13"]
[WhiteElo "2460"]
[BlackElo "2659"]
[PlyCount "156"]
[EventDate "2025.02.13"]
[EventType "swiss"]
[EventCountry "NET"]
[TimeControl "600"]
[WhiteClock "0:01:15"]
[BlackClock "0:02:34"]

1. e4 c6 2. d4 d5 3. exd5 cxd5 4. Bd3 Nc6 5. c3 g6 6. Bf4 Bg7 7. Ne2 Nf6 8. Nd2 O-O 9. O-O Bf5 10. Bxf5 gxf5 11. Re1 e6 12. Ng3 Qb6 13. Rb1 Ne7 14. Nh5 Nxh5 15. Qxh5 Ng6 16. Bh6 Bxh6 17. Qxh6 Qd8 18. Nf3 Qf6 19. h4 Qg7 20. Qd2 Kh8 21. h5 Ne7 22. g3 Rg8 23. Kg2 Qf6 24. Qf4 Nc6 25. Ne5 Rac8 26. Nxc6 Rxc6 27. f3 Qg5 28. Qxg5 Rxg5 29. Rh1 Kg7 30. f4 Rg4 31. h6+ Kf6 32. Kf3 Rc8 33. Rbe1 b5 34. a3 a5 35. Re3 Rgg8 36. Ra1 Kg6 37. Rh1 Rb8 38. Ree1 b4 39. cxb4 axb4 40. a4 b3 41. Ra1 Rb4 42. Rhd1 Ra8 43. a5 Ra6 44. Rd3 Kxh6 45. Ra3 Kg6 46. Raxb3 Rxb3 47. Rxb3 Rxa5 48. Rb8 Kf6 49. b3 Ra2 50. b4 Ra3+ 51. Kf2 Rd3 52. b5 Rxd4 53. b6 Rb4 54. b7 Rb3 55. Ke2 d4 56. Kd2 d3 57. Ke3 Ke7 58. Kd2 h5 59. Ke3 Kd6 60. Rd8+ Kc7 61. Rf8 Kxb7 62. Rxf7+ Kc6 63. Rh7 Kd5 64. Rxh5 d2+ 65. Kxd2 Rxg3 66. Ke2 Ke4 67. Rh6 Re3+ 68. Kf2 Kxf4 69. Rh4+ Kg5 70. Rh8 Ra3 71. Re8 Kf6 72. Rf8+ Ke5 73. Rb8 f4 74. Rb4 Kf5 75. Rb8 e5 76. Rb7 Ra2+ 77. Kf1 e4 78. Rb3 e3 0-1

[Event "CCT Chessable Masters Play-In 2025"]
[Site "Online"]
[Date "2025.02.17"]
[Round "1.73"]
[White "Demchenko, Anton"]
[Black "Gurevich, Dmitry"]
[Result "1-0"]
[ECO "B63"]
[WhiteElo "2619"]
[BlackElo "2347"]
[PlyCount "39"]
[EventDate "2025.02.13"]
[EventType "swiss"]
[EventCountry "NET"]
[TimeControl "600"]
[WhiteClock "0:06:35"]
[BlackClock "0:04:43"]

1. e4 c5 2. Nf3 d6 3. d4 cxd4 4. Nxd4 Nf6 5. Nc3 Nc6 6. Bg5 e6 7. Qd2 Be7 8. O-O-O O-O 9. h4 Nxd4 10. Qxd4 a6 11. e5 dxe5 12. Qxe5 Qe8 13. Rh3 Nd7 14. Qc7 Bd8 15. Bxd8 Qxd8 16. Qxd8 Rxd8 17. Rhd3 Kf8 18. Na4 Ke7 19. Nb6 Rb8 20. g3 1-0

[Event "CCT Chessable Masters Play-In 2025"]
[Site "Online"]
[Date "2025.02.17"]
[Round "1.74"]
[White "Rozum, Ivan"]
[Black "Aryan Chopra"]
[Result "0-1"]
[ECO "E66"]
[WhiteElo "2443"]
[BlackElo "2620"]
[PlyCount "138"]
[EventDate "2025.02.13"]
[EventType "swiss"]
[EventCountry "NET"]
[TimeControl "600"]
[WhiteClock "0:00:37"]
[BlackClock "0:00:57"]

1. d4 Nf6 2. c4 g6 3. g3 Bg7 4. Bg2 O-O 5. Nc3 d6 6. Nf3 c5 7. O-O Nc6 8. d5 Na5 9. Nd2 a6 10. Rb1 Rb8 11. b3 b5 12. Bb2 e6 13. dxe6 Bxe6 14. cxb5 axb5 15. Nde4 Rb6 16. Qd2 b4 17. Nxf6+ Bxf6 18. Nd5 Bxd5 19. Bxd5 Bxb2 20. Qxb2 Nc6 21. Rfd1 Ne7 22. Bf3 Qd7 23. Rd2 Qe6 24. Rbd1 h5 25. h4 Rd8 26. Rd3 Ra6 27. Re3 Qd7 28. Qf6 Re8 29. Rd2 Rb6 30. Red3 Qf5 31. Qb2 Rd8 32. Re3 Rd7 33. Be4 Qg4 34. Qf6 Qe6 35. Qf4 Qg4 36. Qh6 Rb8 37. Kg2 Nf5 38. Bxf5 Qxf5 39. Rf3 Qe4 40. Kg1 Ra8 41. Rfd3 d5 42. Qg5 Rad8 43. Re3 Qg4 44. Qf6 Rd6 45. Qe7 R8d7 46. Qe8+ Kg7 47. Qc8 c4 48. Re8 c3 49. Rd3 d4 50. Rg8+ Kf6 51. Rf3+ Qxf3 52. exf3 d3 53. Qc5 Rd5 54. Qxb4 d2 55. Qxc3+ Rd4 56. Kg2 d1=Q 57. Qe3 Qd2 58. Qe8 Rd8 59. Qc6+ R8d6 60. Qc5 R4d5 61. Qc7 Rd7 62. Qc6+ R5d6 63. Qc5 Qd5 64. Qc1 Ke7 65. Qh6 Rd8 66. Rg7 Rf6 67. Qe3+ Kf8 68. Qh6 Qxf3+ 69. Kh3 Qh1# 0-1

[Event "CCT Chessable Masters Play-In 2025"]
[Site "Online"]
[Date "2025.02.17"]
[Round "1.75"]
[White "Fressinet, Laurent"]
[Black "Cuenca Jimenez, Jose Fernando"]
[Result "1-0"]
[ECO "A17"]
[WhiteElo "2588"]
[BlackElo "2479"]
[PlyCount "121"]
[EventDate "2025.02.13"]
[EventType "swiss"]
[EventCountry "NET"]
[TimeControl "600"]
[WhiteClock "0:01:54"]
[BlackClock "0:00:14"]

1. Nf3 d5 2. e3 Nf6 3. c4 e6 4. Nc3 Bd6 5. b3 O-O 6. Bb2 Re8 7. Nb5 Be7 8. Be5 Na6 9. Be2 c6 10. Nc3 Nc5 11. Qc2 Bd6 12. d4 Nce4 13. O-O Nxc3 14. Qxc3 Qc7 15. Bd3 Nd7 16. Bxd6 Qxd6 17. e4 dxe4 18. Bxe4 Nf6 19. Bc2 c5 20. Rad1 b6 21. dxc5 Qxc5 22. Qd4 Bb7 23. Qxc5 bxc5 24. Ne5 Red8 25. f3 Kf8 26. Kf2 Ke7 27. Ke3 h6 28. Rd2 Rxd2 29. Kxd2 Nd7 30. Nd3 a5 31. Kc3 Kd6 32. Rd1 Kc7 33. Nf2 Ra6 34. Be4 Bxe4 35. Nxe4 Rc6 36. f4 f5 37. Nf2 Rd6 38. Re1 g5 39. Nd3 Kc6 40. g3 g4 41. a3 h5 42. b4 axb4+ 43. axb4 cxb4+ 44. Nxb4+ Kc7 45. Nd3 Nf6 46. Nc5 Kc6 47. Kb4 Nd7 48. Nb3 Kc7 49. c5 Ra6 50. Nd4 Nf8 51. Re2 Kd7 52. Kb5 Ra3 53. Kb6 Rd3 54. c6+ Kc8 55. Ra2 Nd7+ 56. cxd7+ Kxd7 57. Kc5 Ke7 58. Re2 Kf7 59. Nxe6 h4 60. gxh4 Rh3 61. Ng5+ 1-0

[Event "CCT Chessable Masters Play-In 2025"]
[Site "Online"]
[Date "2025.02.17"]
[Round "1.76"]
[White "Batsuren, Dambasuren"]
[Black "Nguyen, Ngoc Truong Son"]
[Result "0-1"]
[ECO "D36"]
[WhiteElo "2537"]
[BlackElo "2632"]
[PlyCount "90"]
[EventDate "2025.02.13"]
[EventType "swiss"]
[EventCountry "NET"]
[TimeControl "600"]
[WhiteClock "0:01:05"]
[BlackClock "0:02:34"]

1. d4 Nf6 2. c4 e6 3. Nc3 d5 4. cxd5 exd5 5. Bg5 c6 6. e3 Be7 7. Bd3 Nbd7 8. Qc2 Nf8 9. O-O-O Ne6 10. Bxf6 Bxf6 11. f4 Bd7 12. Kb1 Qa5 13. Nf3 O-O-O 14. g4 h6 15. h4 Kb8 16. g5 Be7 17. Ne5 Be8 18. Bf5 Nc7 19. Rdg1 f6 20. gxf6 Bxf6 21. Ng4 Bh5 22. Nxf6 gxf6 23. Rg7 Ne8 24. Rg3 Nd6 25. Rhg1 Rhe8 26. Bd3 Re7 27. Qf2 f5 28. Rg8 Bg4 29. Rg6 h5 30. Be2 a6 31. Bxg4 hxg4 32. h5 Rh7 33. h6 Nf7 34. Qh4 Qc7 35. Qf6 Rd6 36. Qxf5 Nxh6 37. Qe5 Rxg6 38. Qe8+ Qc8 39. Qxg6 Qf5+ 40. Qxf5 Nxf5 41. e4 dxe4 42. Nxe4 Re7 43. Nf6 g3 44. Kc2 Nxd4+ 45. Kd3 Ne2 0-1